 Dungeon Crawl Stone Soup version 0.31.0-11-ge490571c62 (webtiles) character file.

Game seed: 11031825290926564266

781 protoss039 the Ruffian (level 7, -13/40 HPs)
             Began as a Demonspawn Shapeshifter on Jan 31, 2024.
             Killed from afar by Dowan (18 damage)
             ... with a shard of ice
             ... on level 5 of the Dungeon.
             The game lasted 00:10:29 (4125 turns).

protoss039 the Ruffian (Demonspawn Shapeshifter)    Turns: 4125, Time: 00:10:30

Health: -13/40     AC:  3    Str: 15    XL:     7   Next: 55%
Magic:  7/7        EV: 17    Int: 12    God:
Gold:   297        SH:  0    Dex: 12    Spells: 6/6 levels left

rFire   . .          .
                       - Unarmed
rCold   . . .        (shield currently unavailable)
rNeg    . . .        n - melded +1 ring mail {rF+}
rPois   .            (helmet restricted)
rElec   .            (no cloak)
rCorr   .            (no gloves)
SInv    .            k - +2 pair of boots
Will    .....        (no amulet)
Stlth   +            (no ring)
HPRegen 0.26/turn    (no ring)
MPRegen 0.20/turn

%: no passive effects
@: mighty, flux-form, glowing
A: glow, contaminating, reduced hp, antennae 2, magic regeneration, demonic
magic 1, mutation resistance 1, sense surroundings 1, screaming 1, wild magic 1
a: Begin Untransformation


You were on level 5 of the Dungeon.
You were something dangerously unstable.
You visited 1 branch of the dungeon, and saw 6 of its levels.

You collected 297 gold pieces.

Inventory:

Armour
 h - a +1 scale mail of fire resistance
 k - a +2 pair of boots (worn)
 n - a +1 ring mail of fire resistance (melded)
Talismans
 c - a beast talisman
 d - a flux talisman (active)
Wands
 f - a wand of acid (9)
Scrolls
 a - 2 scrolls of noise
 j - 2 scrolls of enchant weapon
 l - a scroll of brand weapon
Potions
 b - 2 potions of lignification
 g - 2 potions of attraction


   Skills:
 + Level 4.1 Fighting
 + Level 4.2 Dodging
 + Level 4.6 Unarmed Combat
 + Level 4.4 Shapeshifting


You had 6 spell levels left.
You didn't know any spells.
Your spell library contained the following spells:

 Spells                   Type           Power      Damage    Failure   Level
 Call Canine Familiar     Summ           0%         N/A       77%         3
 Hailstorm                Conj/Ice       0%         3d5       77%         3
 Sigil of Binding         Hex            0%         N/A       77%         3
 Summon Ice Beast         Ice/Summ       0%         N/A       77%         3
 Dimensional Bullseye     Hex/Tloc       0%         N/A       98%         4
 Sculpt Simulacrum        Ice/Alch       0%         N/A       100%        6


Dungeon Overview and Level Annotations

Branches:
Dungeon (6/15) Zot: 26455
 Temple: D:4-7

Altars:
Ashenzari
Fedhas

Annotations:
D:5 Dowan


Innate Abilities, Weirdness & Mutations

You are something dangerously unstable.
You glow with magical radiation, making you easy to see and hit.
Foes you strike become dangerously contaminated with magical radiation.
Your maximum health is decreased, since you lack skill for your form.
You are incapable of wielding weapons or throwing items.
You have a pair of antennae on your head.
You regenerate magic rapidly.
Spells you cast may paralyse adjacent enemies.
You are somewhat resistant to further mutation.
You passively map a small area around you.
You occasionally shout uncontrollably at your foes.
Your spells are a little harder to cast, but a little more powerful.


Message History

Duvessa is moderately wounded.
You feel less invigorated.
You feel less confused. Duvessa barely misses you. Dowan misses you.
Unknown command.
You punch Duvessa!
Duvessa glows dangerously bright.
Duvessa is moderately wounded.
Duvessa barely misses you. Dowan hits you with a +0 dagger.
Duvessa completely misses you.
Unknown command.
You punch Duvessa!
Duvessa shudders as magic cascades through her!
Duvessa twists and deforms.
Duvessa is almost dead.
Duvessa closely misses you.
Dowan gestures wildly while chanting.
Dowan blinks!
You hit Duvessa.
You kill Duvessa!
Dowan screams, "No!
Oh no!"
Dowan seems to find hidden reserves of power!
Unknown command.
Dowan breathes, "And she was my only..."
Things that are here:
a +0 short sword; a +0 leather armour; the elf corpse of Duvessa
Press: ? - help, v - describe, . - travel, g - get item
Items here: a +0 short sword; a +0 leather armour; the elf corpse of Duvessa.
The floor, spattered with blood.
Dowan casts a spell.
Dowan blinks!
You closely miss Dowan. Dowan gestures at you while chanting.
The shard of ice hits you!!
Ouch! That really hurt!
* * * LOW HITPOINT WARNING * * *
Dowan hits you but does no damage.
You barely miss Dowan. Dowan gestures at you while chanting.
The shard of ice hits you!!
You die...

.....# #... ~ *
#....# #..#* ~ ,
~ #....# ####..#
~ ,⌠ #....#
#.....# ~~, ~
#....####
#.....### .≈ *
'........
+...)...##≈.≈
#....####*
#.....#..#≈.≈* ,
###### **
####..# ..≈.≈ ,
# { * #.p#..P≈.≈
, * *
###e.#.P#≈.≈ ~
{#...†....≈.≈ ,
, *,#.#......≈.≈
#......P#≈.≈*
#....#...≈.≈
**~###..#.PP≈.≈
*##*~##..#.P#≈.≈
, ≈##~#......≈.≈
,


You could see Dowan (fast).

Vanquished Creatures
  Duvessa (D:5)
  An ice beast (D:3)
  An ogre (D:5)
  A scorpion (D:6)
  A wight (D:5)
  A bombardier beetle (D:5)
  2 hounds
  3 iguanas
  An orc wizard (D:3)
  9 adders
  4 ribbon worms
  A dart slug (D:1)
  12 orcs
  6 bats
  6 endoplasms
  A giant cockroach (D:1)
  10 goblins
  8 hobgoblins
  10 jackals
  4 quokkas
  4 ball pythons
  5 frilled lizards
  6 kobolds
  6 rats
104 creatures vanquished.

Notes
Turn   | Place    | Note
-------+----------+-------------------------------------------
     0 | D:1      | protoss039 the Demonspawn Shapeshifter began the quest for
                  | the Orb.
     0 | D:1      | Reached XP level 1. HP: 15/15 MP: 1/1
   201 | D:1      | Gained mutation: You regenerate magic rapidly. [demonic
                  | ancestry]
   201 | D:1      | Reached XP level 2. HP: 21/21 MP: 2/2
   608 | D:1      | Found a faded altar of an unknown god.
   704 | D:1      | Reached XP level 3. HP: 26/26 MP: 3/3
  1080 | D:2      | Reached XP level 4. HP: 31/33 MP: 4/4
  2086 | D:3      | Found a blossoming altar of Fedhas.
  2109 | D:3      | Found a broken altar of Ashenzari.
  2357 | D:3      | Gained mutation: You have a pair of small antennae on your
                  | head. [demonic ancestry]
  2357 | D:3      | Reached XP level 5. HP: 39/39 MP: 5/5
  2911 | D:3      | Noticed an ice beast
  2925 | D:3      | Killed an ice beast
  2926 | D:3      | Gained mutation: You have a pair of antennae on your head.
                  | [demonic ancestry]
  2926 | D:3      | Reached XP level 6. HP: 34/47 MP: 6/6
  3088 | D:4      | Gained mutation: Armour fits poorly on your strangely
                  | shaped body. [potion of mutation]
  3095 | D:4      | HP: 1/70 [orc/+0 flail (3)]
  3278 | D:4      | You fall into a shaft and drop 2 floors!
  3574 | D:5      | Entered Level 5 of the Dungeon
  3588 | D:5      | HP: 1/42 [wight/+0 scimitar (4)]
  3801 | D:5      | Gained mutation: Spells you cast may paralyse adjacent
                  | enemies. [demonic ancestry]
  3801 | D:5      | Reached XP level 7. HP: 20/52 MP: 7/7
  4094 | D:5      | Lost mutation: Armour fits poorly on your strangely shaped
                  | body. [potion of mutation]
  4094 | D:5      | Gained mutation: You occasionally shout uncontrollably at
                  | your foes. [potion of mutation]
  4094 | D:5      | Gained mutation: Your spells are a little harder to cast,
                  | but a little more powerful. [potion of mutation]
  4094 | D:5      | Gained mutation: You passively map a small area around you.
                  | [potion of mutation]
  4094 | D:5      | Gained mutation: You are somewhat resistant to further
                  | mutation. [potion of mutation]
  4108 | D:5      | Noticed Dowan
  4109 | D:5      | Noticed Duvessa
  4119 | D:5      | Killed Duvessa
  4125 | D:5      | Killed from afar by Dowan

Illustrated notes

Levels and vault maps discovered:
D:1:      minmay_arrival_loop, layout_rooms,
          hellmonk_ecumenical_altar_leap_of_faith, minmay_misc_feat_square,
          roderic_serpentine_path
D:2:      minmay_angry_zag, layout_loops_ring, minmay_tromino_i2
D:3:      kennysheep_six_static_rooms, layout_basic,
          nicolae_overflow_hidden_temple, serial_glass, glass_columns_b,
          glass_columns_a, hex_medium
D:4:      layout_cave_pods, overflow_temple_1_default, serial_shops, shop
D:5:      cheibrodos_two_vegetables, layout_basic, nicolae_elyvilon_temple_path,
          minmay_increasing_density, uniq_duvessa
D:6:      nicolae_cairo_tiling_large_dashed, layout_cave_pods,
          minmay_temple_entry_mini_moons, nicolae_twisty_statue_hallways

Skill      XL: |  1  2  3  4  5  6  7 |
---------------+----------------------+-----
Dodging        | 2 3 4 |  4.2
Unarmed Combat | 3 4 |  4.6
Shapeshifting  | 3 4 |  4.4
Fighting       | 2 3 4 |  4.1

Action                     |  1- 3 |  4- 6 |  7- 9 || total
---------------------------+-------+-------+-------++-------
  Melee: Unarmed           |   132 |   282 |    57 ||   471
         Punch             |       |     6 |       ||     6
  Evoke: Wand              |       |    12 |       ||    12
    Use: Scroll            |       |     4 |     1 ||     5
         Potion            |       |     4 |     6 ||    10
   Stab: Invisible         |       |     3 |       ||     3
 Armour: Leather armour    |    17 |       |       ||    17
         Animal skin       |     5 |       |       ||     5
         Ring mail         |    13 |   172 |       ||   185
         Scale mail        |    55 |    11 |       ||    66
         Skin              |       |    23 |    36 ||    59
  Dodge: Dodged            |    62 |   166 |    72 ||   300
   Form: Beast             |     1 |     1 |       ||     2
                           |     1 |       |       ||     1
         Flux              |       |     1 |       ||     1
